 Dungeon Crawl Stone Soup version 0.31.0-11-ge490571c62 (webtiles) character file.

Game seed: 4365950931039853042

490 qw the Skirmisher (level 6, -2/32 HPs)
             Began as a Spriggan Hunter on Feb 4, 2024.
             Killed from afar by Eustachio (10 damage)
             ... with a puff of flame
             ... on level 4 of the Dungeon.
             The game lasted 00:00:11 (3028 turns).

qw the Skirmisher (Spriggan Hunter)                 Turns: 3028, Time: 00:00:11

Health: -2/32      AC:  2    Str:  7    XL:     6   Next: 90%
Magic:  7/7        EV: 22    Int: 11    God:
Gold:   207        SH:  0    Dex: 20    Spells: 5/5 levels left

rFire   . . .        a - +0 shortbow
rCold   . . .        (shield currently unavailable)
rNeg    + . .        c - +0 robe
rPois   .            (helmet restricted)
rElec   .            (no cloak)
rCorr   .            (gloves unavailable)
SInv    +            (boots unavailable)
Will    +....        (no amulet)
Stlth   +            f - ring of positive energy
HPRegen 0.25/turn    (no ring)
MPRegen 0.10/turn

%: no passive effects
@: on fire, glowing, very quick
A: very small, no large weapons, unfitting armour, see invisible, speed 3
a: no special abilities


You were on level 4 of the Dungeon.
You visited 1 branch of the dungeon, and saw 4 of its levels.

You collected 207 gold pieces.


Innate Abilities, Weirdness & Mutations

You are very small and have problems with some larger weapons.
You are too small for most types of armour.
You have supernaturally acute eyesight. (SInv)
You cover ground extremely quickly. (Speed+++)


   Skills:
 + Level 2.4 Fighting
 - Level 10.0 Ranged Weapons
 - Level 7.1 Dodging
 - Level 1.5 Stealth


You had 5 spell levels left.
You didn't know any spells.
Your spell library was empty.

Inventory:

Hand Weapons
 a - a +0 shortbow (weapon)
Armour
 c - a +0 robe (worn)
Jewellery
 f - a ring of positive energy (left hand)
Scrolls
 e - a scroll of enchant armour
 g - 2 scrolls of teleportation
 i - a scroll of revelation {unknown}
Potions
 b - a potion of resistance {unknown}
 d - 2 potions of enlightenment {unknown}
 h - a potion of haste {unknown}

Dungeon Overview and Level Annotations

Branches:
Dungeon (4/15)
 Temple: D:4-7

Altars:
Qazlal
Trog
Wu Jian
Yredelemnul

Annotations:
D:2 1 runed translucent door, Crazy Yiuf
D:4 Eustachio, Natasha


Message History

You now have 207 gold pieces (gained 20).
You see here a +0 leather armour.
Found a stone staircase leading up.
Enter note:
Enter note:
Found a book of Party Tricks.
You see here a staff of death.
There is a stone staircase leading up here.
You see here a book of Party Tricks.
Found a pair of boots.
Found 17 gold pieces.
Enter note: Eustachio the Magnificent comes into view.
He is wielding a +1 falchion of protection and carrying a wand of flame.
Found a stone staircase leading down.
Eustachio shouts!
You hear a shout!
You shoot an arrow. The arrow closely misses Eustachio.
You shoot an arrow. The arrow hits Eustachio.
Eustachio is lightly wounded.
You hear an angry hiss.
Natasha, Servant of Life and Death comes into view.
The bombardier beetle sprays incendiary fluid at you.
The burning spray hits you.
You are covered in liquid fire!
Eustachio zaps a wand.
The puff of flame hits you!
You shoot an arrow. The arrow barely misses Eustachio.
The liquid fire burns you!
You shoot an arrow. The arrow completely misses Eustachio.
The liquid fire burns you!
Eustachio gestures wildly while chanting.
Eustachio blinks!
You shoot an arrow.
The arrow hits Natasha but does no damage.
The liquid fire burns you! Natasha barely misses you.
You shoot an arrow. The arrow hits Natasha!
Natasha is heavily wounded.
The liquid fire burns you!
Eustachio zaps a wand.
The puff of flame hits you!
You die...
Eustachio twirls his moustache.

#.#.## ##... #. #.#.#
#### > #.#.# ### ##.
#.#.# #####.. #.. #...#
#.....# #...
###..#...####. ####..#
#....[.# #..
#.....ยค####.#....# #.#
#..@h........# #.#
#...@.B####......#####.#
#...##. #.######......
#.. .. #.######.#.(## #
#.. ...........## #..
..#######.## #..
..#######.#### #..
..............#
#####...##..


You could see Eustachio, a bombardier beetle and Natasha.

Vanquished Creatures
  A black bear (D:4)
  A weeping skull (D:3)
  Blork the orc (D:4)
  2 iguanas
  Terence (D:2)
  Natasha (D:4)
  4 adders
  A shadow imp (D:3)
  A ribbon worm (D:2)
  5 orcs
  4 ball pythons
  6 endoplasms
  A giant cockroach (D:1)
  8 goblins
  8 hobgoblins
  7 jackals
  7 kobolds
  2 quokkas
  4 bats
  2 frilled lizards
  5 rats
  A spectral orc (D:3)
73 creatures vanquished.

Notes
Turn   | Place    | Note
-------+----------+-------------------------------------------
     0 | D:1      | qw the Spriggan Hunter began the quest for the Orb.
     0 | D:1      | Reached XP level 1. HP: 10/10 MP: 2/2
     0 | D:1      | 0 ||| qw: Version: 0.3-a-160-g6735b56
     0 | D:1      | 0 ||| qw: Game counter: 5310
     0 | D:1      | 0 ||| qw: Melee chars always use a shield: true
     0 | D:1      | 0 ||| qw: God list: Okawaru
     0 | D:1      | 0 ||| qw: Allow faded altars: false
     0 | D:1      | 0 ||| qw: Do Orc after clearing Dungeon:15 true
     0 | D:1      | 0 ||| qw: Do second Lair branch before Depths: true
     0 | D:1      | 0 ||| qw: Lair rune preference: random
     0 | D:1      | 0 ||| qw: Goals: Normal
     0 | D:1      | 0 ||| PLANNING D:1-11
    40 | D:1      | Reached skill level 3 in Dodging
   104 | D:1      | Reached XP level 2. HP: 14/14 MP: 3/3
   970 | D:1      | 970 ||| UPGRADING to ring of positive energy.
   971 | D:1      | 971 ||| READING 3 scrolls labelled GEOGIC NUORR.
   971 | D:1      | 971 ||| IDENTIFYING metallic cyan potion
   972 | D:1      | 972 ||| DRINKING potion of experience.
   972 | D:1      | Reached skill level 10 in Ranged Weapons
   972 | D:1      | Reached XP level 3. HP: 18/18 MP: 4/4
   973 | D:1      | 973 ||| READING 2 scrolls of identify.
   973 | D:1      | 973 ||| IDENTIFYING scroll labelled ASCHEDGH VIHA
   974 | D:1      | 974 ||| DROPPING scroll of butterflies.
  1054 | D:2      | Noticed Terence
  1065 | D:2      | Killed Terence
  1066 | D:2      | Reached XP level 4. HP: 22/22 MP: 5/5
  1156 | D:2      | Found a faded altar of an unknown god.
  1726 | D:2      | Found a runed translucent door.
  1727 | D:2      | Noticed Crazy Yiuf
  1931 | D:2      | 1931 ||| DROPPING ring of flight.
  1932 | D:2      | 1932 ||| READING 3 scrolls of identify.
  1932 | D:2      | 1932 ||| IDENTIFYING fuming pink potion
  1933 | D:2      | 1933 ||| READING 2 scrolls of identify.
  1933 | D:2      | 1933 ||| IDENTIFYING cyan potion
  1934 | D:2      | 1934 ||| READING scroll of identify.
  1934 | D:2      | 1934 ||| IDENTIFYING scroll labelled YWNUECKYEJA
  1935 | D:2      | 1935 ||| READING scroll labelled POXKOLE VOXY.
  1935 | D:2      | 1935 ||| ENCHANTING +0 shortbow.
  1936 | D:2      | 1936 ||| READING scroll labelled QIDGHOCW NUMADA.
  1937 | D:2      | 1937 ||| READING scroll labelled PUIPOS CIAMOI.
  1938 | D:2      | 1938 ||| DROPPING scroll of blinking.
  1939 | D:2      | 1939 ||| DROPPING potion of magic.
  1940 | D:2      | 1940 ||| DROPPING potion of lignification.
  1993 | D:3      | Reached XP level 5. HP: 25/25 MP: 6/6
  2042 | D:3      | Found a stormy altar of Qazlal.
  2052 | D:3      | Found a bloodstained altar of Trog.
  2172 | D:3      | Found a basalt altar of Yredelemnul.
  2325 | D:3      | Found an ornate altar of the Wu Jian Council.
  2389 | D:3      | 2389 ||| READING scroll of identify.
  2389 | D:3      | 2389 ||| IDENTIFYING scroll labelled HETSOU JUAGAWED
  2390 | D:3      | 2390 ||| DROPPING scroll of amnesia.
  2432 | D:4      | Reached XP level 6. HP: 21/32 MP: 7/7
  2432 | D:4      | 2432 ||| FLEEEEING.
  2433 | D:4      | 2433 ||| FLEEEEING.
  2434 | D:4      | 2434 ||| FLEEEEING.
  2435 | D:4      | 2435 ||| FLEEEEING.
  2436 | D:4      | 2436 ||| FLEEEEING.
  2437 | D:4      | 2437 ||| FLEEEEING.
  2485 | D:4      | Noticed Blork the orc
  2495 | D:4      | Killed Blork the orc
  2496 | D:4      | Reached skill level 6 in Dodging
  2517 | D:4      | 2517 ||| FLEEEEING.
  2518 | D:4      | 2518 ||| FLEEEEING.
  2519 | D:4      | 2519 ||| FLEEEEING.
  2520 | D:4      | 2520 ||| FLEEEEING.
  2534 | D:4      | 2534 ||| FLEEEEING.
  2537 | D:4      | 2537 ||| FLEEEEING.
  2794 | D:4      | HP: 5/32 [black bear (6)]
  2795 | D:4      | 2795 ||| READING 2 scrolls of teleportation.
  2916 | D:4      | Noticed Natasha
  2922 | D:4      | Killed Natasha
  3022 | D:4      | Noticed Eustachio
  3024 | D:4      | Noticed Natasha
  3028 | D:4      | HP: 8/32 [burnt (4)]
  3028 | D:4      | Killed from afar by Eustachio

Levels and vault maps discovered:
D:1:      wheals_arrival_shading, layout_loops_corners, chequers_big_river
D:2:      minmay_door_path, layout_basic, chequers_ecumenical_altar_island,
          serial_glass, glass_columns_b, glass_columns_a, uniq_terence,
          uniq_crazy_yiuf_cottage
D:3:      layout_rooms, lemuel_doored_altar, nicolae_qazlal_general_emergency,
          yredelemnul_forgotten_temple_becter, trog_three_pillars_becter,
          nrook_campfire
D:4:      layout_rooms, serial_bayou_lagoon_a,
          nicolae_shop_sticking_my_neck_out, uniq_eustachio, uniq_blork_the_orc,
          uniq_natasha

Skill      XL: |  1  2  3  4  5  6 |
---------------+-------------------+-----
Dodging        | 3 4 5 7 |  7.1
Ranged Weapons | 10 | 10.0
Fighting       | 2 |  2.4
Stealth        | |  1.5

Action                     |  1- 3 |  4- 6 || total
---------------------------+-------+-------++-------
   Fire: Shortbow          |    50 |   181 ||   231
    Use: Scroll            |     2 |     8 ||    10
         Potion            |     1 |       ||     1
 Armour: Robe              |     2 |    19 ||    21
  Dodge: Dodged            |     7 |    52 ||    59

Table legend:
 A = Non-vault XP
 B = Vault XP
 C = Vault XP percentage of total XP
 D = Non-vault monster count
 E = Vault monster count
 F = Vault count percentage of total count
                 A         B        C        D         E       F
            +---------+---------+-------+---------+---------+-------
      Total |     390 |     268 |  40.7 |      68 |       5 |   6.8
            +---------+---------+-------+---------+---------+-------
        D:1 |      27 |       0 |   0.0 |      16 |       0 |   0.0
        D:2 |      67 |      36 |  35.0 |      24 |       1 |   4.0
        D:3 |      85 |     101 |  54.3 |      15 |       2 |  11.8
        D:4 |     211 |     131 |  38.3 |      13 |       2 |  13.3
            +---------+---------+-------+---------+---------+-------
